 Dungeon Crawl Stone Soup version 0.19-a0-944-gb338e1e (webtiles) character file.

75 matakusis the Conjurer (level 4, -5/24 HPs)
             Began as a Deep Elf Conjurer on July 9, 2016.
             Was an Initiate of Vehumet.
             Killed from afar by Fubayashi's ghost (29 damage)
             ... with a stone arrow
             ... on level 3 of the Dungeon.
             The game lasted 00:10:25 (2199 turns).

matakusis the Conjurer (Deep Elf Conjurer)          Turns: 2199, Time: 00:10:26

Health: -5/24      AC:  2    Str:  5    XL:     4   Next: 11%
Magic:  9/11       EV: 12    Int: 21    God:    Vehumet [......]
Gold:   173        SH:  0    Dex: 15    Spells: 3 memorised, 2 levels left

rFire  . . .     SeeInvis .     r - +1 short sword
rCold  . . .     Gourm    .     a - +0 robe
rNeg   . . .     Faith    .     (no shield)
rPois  .         Spirit   .     (no helmet)
rElec  .         Dismiss  .     (no cloak)
rCorr  .         Reflect  .     (no gloves)
SustAt .         Harm     .     (no boots)
MR     .....                    (no amulet)
Stlth  ++........               (no ring)
                                (no ring)

@: heavily drained, not resistant to hostile enchantments, unstealthy
A: no striking features
a: Renounce Religion


You were on level 3 of the Dungeon.
You worshipped Vehumet.
Vehumet was noncommittal.
You were not hungry.

You visited 1 branch of the dungeon, and saw 3 of its levels.

You collected 173 gold pieces.

Inventory:

Hand Weapons
 r - a +1 short sword (weapon)
Armour
 a - a +0 robe (worn)
Jewellery
 k - an uncursed amulet of faith
 o - an uncursed amulet of harm
Scrolls
 d - 2 scrolls of identify {unknown}
 e - 2 scrolls of remove curse
 h - a scroll of blinking
Potions
 f - 3 potions of ambrosia
 j - a potion of heal wounds {unknown}
 l - 2 potions of curing
Books
 b - a book of Conjurations

   Spells                             Type                      Level
   a - Magic Dart                     Conjuration                  1
   b - Searing Ray                    Conjuration                  2
   c - Dazzling Spray                 Conjuration/Hexes            3
   d - Fulminant Prism                Conjuration/Hexes            4
   e - Iskenderun's Mystic Blast      Conjuration                  4
   f - Iskenderun's Battlesphere      Conjuration/Charms           5
Comestibles
 c - 3 bread rations
 g - a beef jerky
 i - a royal jelly


   Skills:
 - Level 2.4(1.0) Dodging
 - Level 2.4(1.0) Stealth
 + Level 3.3(1.9) Spellcasting
 + Level 6.1(4.6) Conjurations


You had 2 spell levels left.
You knew the following spells:

 Your Spells              Type           Power        Failure   Level  Hunger
a - Magic Dart            Conj           ###.         1%          1    #......
b - Searing Ray           Conj           ###...       3%          2    ##.....
c - Iskenderun's Mystic   Conj           ###.....     24%         4    #####..


Dungeon Overview and Level Annotations

Branches:
Dungeon (3/15)

Altars:
Vehumet

Annotations:
D:3 Fubayashi's ghost, novice GrEE


Message History

Found a scroll labeled VEUSCH QEIDO.
Found a stone staircase leading up.
Fubayashi's ghost turns its malevolent gaze towards you.
Casting: Magic Dart
Confirm with . or Enter, or press ? or * to list all spells.
Aiming: Iskenderun's Mystic Blast
Press: ? - help, Shift-Dir - straight line, f - Fubayashi's ghost
Aim: Fubayashi's ghost, wielding a vorpal weapon
Okay, then.
Casting: Iskenderun's Mystic Blast
Confirm with . or Enter, or press ? or * to list all spells.
Aiming: Searing Ray
Press: ? - help, Shift-Dir - straight line, f - Fubayashi's ghost
Aim: Fubayashi's ghost, wielding a vorpal weapon The searing ray hits Fubayashi's ghost.
Fubayashi's ghost is lightly damaged.
Fubayashi's ghost gestures at you while chanting.
The stone arrow hits you!
Ouch! That really hurt!
You die...

.............
..........<. ...........
.......?..
#######..?......
#.......W.......
#########.# #........
#......##.# ###.....##.
#......##.# #..@..#.#
#......##.####.#........
#......#................
#..........#...###......
#......#####.### ......
#......# #..# ......
#......####.##
###.......######..
#........##.#
#.................
##.#.###.##.#
#.#...............


You could see Fubayashi's ghost.

Vanquished Creatures
  An adder (D:2)
  An ooze (D:1)
  2 worms (D:2)
  2 dart slugs
  4 giant geckos
  9 bats
  2 giant cockroaches (D:1)
  2 goblins
  5 hobgoblins
  4 jackals (D:2)
  8 giant newts
  5 kobolds
  5 rats
50 creatures vanquished.

Notes
Turn   | Place    | Note
-------+----------+-------------------------------------------
     0 | D:1      | matakusis the Deep Elf Conjurer began the quest for the Orb.
     0 | D:1      | Reached XP level 1. HP: 10/10 MP: 6/6
   225 | D:1      | Reached XP level 2. HP: 15/15 MP: 4/8
   229 | D:1      | Learned a level 2 spell: Searing Ray
   283 | D:1      | Reached skill level 5 in Conjurations
   789 | D:1      | Reached XP level 3. HP: 19/19 MP: 3/9
  1012 | D:2      | Found a radiant altar of Vehumet.
  1023 | D:2      | Became a worshipper of Vehumet
  1781 | D:2      | Reached skill level 6 in Conjurations
  1792 | D:2      | Reached XP level 4. HP: 24/24 MP: 7/11
  1844 | D:2      | Learned a level 4 spell: Iskenderun's Mystic Blast
  2177 | D:3      | Noticed Fubayashi's ghost (novice GrEE)
  2199 | D:3      | Killed from afar by Fubayashi's ghost

Vault maps used:
D:1:      dpeg_arrival_chambers_temple_mockup
D:2:      lemuel_coloured_pillars_altar, minmay_pentomino_s2
D:3:      first_bread, eino_tiny_chamber

Skill      XL: |  1  2  3 |
---------------+----------+-----
Conjurations   | 5 6 |  6.1
Dodging        | |  2.4
Stealth        | |  2.4
Spellcasting   | |  3.3

Action                   |  1- 3 |  4- 6 || total
-------------------------+-------+-------++-------
Melee: Unarmed           |     1 |       ||     1
       Short sword       |       |     1 ||     1
 Cast: Magic Dart        |    76 |    13 ||    89
       Searing Ray       |     3 |     1 ||     4
  Use: Scroll            |       |     6 ||     6
       Potion            |       |     5 ||     5
  Eat: Chunk             |     3 |     2 ||     5
Armor: Robe              |     2 |     1 ||     3
Dodge: Dodged            |     8 |     4 ||    12
